AoeStats
← Sid

Arabia

506113108Analyzed
2v2 RM · 20d ago on Sep 12, 2026· 31m 41s· 4 players
Game mode
Random Map
Map size
Medium (4 player)
Population
200
Speed
Normal
Resources
Standard
Victory
Conquest
Starting age
Dark Age
Ending age
Imperial Age
RankedLock teamsTeams togetherTeam positionsShared explorationLock speedFull tech treeHidden civsTurbo modeCheats
Victory
Defeat
🇮🇳 Gurjaras · India
1282
+16
🇮🇳 Khitans · India
1228
+17
🇯🇵 Vikings · Japan
1282
-17
🇯🇵 Teutons · Japan
1260
-16
BombayGypsy
6:38 Loom
9:17 Feudal Age
9:22 Man-at-Arms
14:34 Double-Bit Axe
16:09 Fletching
16:29 Town Watch
17:24 Domestication
22:49 Castle Age
21:03 Padded Archer Armor
22:06 Gold Mining
23:06 Wheelbarrow
22:53 Crossbowman
23:30 Bodkin Arrow
24:59 Bow Saw
27:21 Husbandry
28:17 Hand Cart
29:31 Ballistics
29:00 Heavy Cavalry Archer
30:32 Leather Archer Armor
30:46 Pastoralism
31:07 Thumb Ring
Lucky23
6:16 Loom
9:07 Feudal Age
10:04 Double-Bit Axe
10:02 Horse Collar
16:45 Scale Barding Armor
19:17 Wheelbarrow
22:12 Castle Age
20:45 Bloodlines
21:20 Gold Mining
21:57 Forging
23:26 Chain Barding Armor
24:10 Iron Casting
28:57 Husbandry
Sid
6:29 Loom
8:56 Feudal Age
9:48 Double-Bit Axe
12:32 Horse Collar
22:54 Castle Age
21:42 Wheelbarrow
21:20 Gold Mining
22:37 Bloodlines
22:41 Scale Barding Armor
23:20 Forging
24:37 Chain Barding Armor
25:04 Bow Saw
29:07 Pikeman
30:02 Stone Mining
31:04 Fletching
31:50 Iron Casting
fumin
6:38 Loom
9:18 Feudal Age
10:23 Double-Bit Axe
17:55 Fletching
24:28 Castle Age
22:28 Horse Collar
23:16 Gold Mining
24:31 Crossbowman
25:12 Bodkin Arrow
25:17 Padded Archer Armor
30:48 Bow Saw
31:15 Gold Shaft Mining
32:05 Heavy Plow
Connection lost

Rejoining the realm…

Still unreachable

The connection could not be restored.

Session expired

The server has moved on; the page needs a fresh start.